Canucks vs Stars
(R1)
Created - October 24, 2020 at 21:07
Goals
|
| Canucks |
0 |
2 |
0 |
2 |
| Stars |
5 |
1 |
1 |
7 |
|
Shots
|
| Canucks |
9 |
5 |
11 |
25 |
| Stars |
22 |
16 |
7 |
45 |
|
1st period
1. Stars , Alexander Frolov 1 (Evgeny Grachev 1) at 0:56
2. Stars , Michael Grabner 2 (John Tavares 3) at 3:02
3. Stars , Ian White 1 (Guillaume Latendresse 1) at 10:26 (PP)
4. Stars , Guillaume Latendresse 2 (John Tavares 4, Brian Lee 2) at 10:34
5. Stars , Shane O'Brien 1 (Boris Valabik 1, Cory Schneider) at 13:04 (PP)
Penalties :
Brian Lee (Dal) for Kneeing (Minor) at 3:24, Spencer Machacek (Van) for Cross-checking (Minor) at 9:41, Michael Grabner (Dal) for Hooking (Minor) at 10:58, Robert Nilsson (Van) for Hooking (Minor) at 11:06
2nd period
6. Canucks , Jason Zucker 3 (Brandon Sutter 2, Jason Akeson 2) at 6:51 (PP)
7. Stars , Alexander Frolov 2 (Ian White 1) at 17:15
8. Canucks , Jason Zucker 4 (Brandon Sutter 3, Steve Eminger 1) at 19:23
Penalties :
Loui Eriksson (Van) for Slashing (Minor) at 0:19, Alexander Frolov (Dal) for Roughing (Minor) at 5:51, Jason Akeson (Van) for High sticking (Double Minor) at 10:46
3rd period
9. Stars , Jussi Jokinen 3 (Alex Chiasson 1, Antoine Vermette 2) at 8:07 (PP)
Penalties :
James Wright (Van) for Interference (Minor) at 1:40, Daultan Leveillé (Van) for High sticking (Minor) at 3:52, Jason Akeson (Van) for Holding (Minor) at 7:26, Michael Grabner (Dal) for Fighting (Major) at 8:18, Robert Nilsson (Van) for Fighting (Major) at 8:18
Goalie Stats
Jake Paterson (Van), 7 saves from 11 shots - (0.636), L, 0-1-1, 10:34 minutes
Martin Jones (Van), 31 saves from 34 shots - (0.912), 49:26 minutes
Cory Schneider (Dal), 23 saves from 25 shots - (0.920), W, 2-1-0, 60:00 minutes
Players Stats for Canucks
Player Name G A P +/- PIM S H SB GA TA FO MP PP MP PK MP
------------------------------------------------------------------------------------
Andy Rogers 0 0 0 0 0 2 1 0 0 0 0/0 20:05 0:59 4:11
Brandon Sutter 0 2 2 0 0 1 2 0 0 0 6/15 17:10 1:35 4:02
Daniel Sedin 0 0 0 -1 0 0 1 0 0 0 3/4 12:45 0:02 2:01
Daultan Leveillé 0 0 0 0 2 0 2 0 0 0 1/4 6:59 0:00 0:05
Drew Fata 0 0 0 -1 0 1 5 2 0 1 0/0 29:16 2:08 6:40
James Wright 0 0 0 -1 2 2 2 1 1 0 1/4 9:32 0:00 1:46
Jamie McBain 0 0 0 -1 0 2 5 1 2 1 0/0 29:16 2:08 6:40
Jason Akeson 0 1 1 0 6 3 1 0 0 0 0/1 12:40 1:35 0:00
Jason Zucker 2 0 2 0 0 6 2 0 0 0 0/0 13:33 1:35 0:26
Jeremy Morin 0 0 0 -1 0 1 0 0 0 0 1/1 8:17 0:02 0:00
Jonathan Blum 0 0 0 -2 0 2 0 0 0 1 0/0 10:39 0:00 0:38
Loui Eriksson 0 0 0 -2 2 0 1 0 0 0 0/1 22:13 1:30 2:27
Mike Komisarek 0 0 0 -2 0 0 0 0 1 0 0/0 10:39 0:00 0:38
Robert Nilsson 0 0 0 -2 7 2 0 0 0 0 9/30 23:17 1:29 6:02
Ryane Clowe 0 0 0 0 0 0 1 0 1 0 0/0 6:30 0:00 0:00
Spencer Machacek 0 0 0 0 2 2 0 0 0 0 0/0 6:53 0:02 0:00
Steve Eminger 0 1 1 0 0 0 0 0 1 0 0/0 20:05 0:59 4:11
Tyler Toffoli 0 0 0 -2 0 1 0 1 2 0 0/2 26:43 1:30 6:09
Players Stats for Stars
Player Name G A P +/- PIM S H SB GA TA FO MP PP MP PK MP
------------------------------------------------------------------------------------
Alex Chiasson 0 1 1 -1 0 5 1 0 0 0 0/1 15:28 4:11 0:00
Alexander Frolov 2 0 2 2 2 4 1 0 0 1 0/0 8:05 0:26 0:12
Antoine Vermette 0 1 1 -1 0 1 1 0 1 0 6/12 15:39 4:08 0:00
B.J. Crombeen 0 0 0 2 0 1 2 0 0 0 0/0 8:31 1:04 0:00
Boris Valabik 0 1 1 0 0 1 3 1 0 2 0/0 23:42 4:42 1:23
Brian Lee 0 1 1 1 2 1 3 0 0 3 0/0 26:15 6:16 0:36
Cam Atkinson 0 0 0 0 0 3 2 0 0 0 0/0 10:45 0:06 0:00
Cory Emmerton 0 0 0 0 0 4 1 0 0 0 3/4 12:37 0:58 0:00
Evgeny Grachev 0 1 1 2 0 2 1 0 0 1 3/5 11:16 1:13 0:00
Guillaume Latendresse 1 1 2 2 0 2 2 0 0 0 1/2 22:46 5:59 2:12
Ian White 1 1 2 1 0 3 4 0 2 0 0/0 26:37 6:16 1:44
John Tavares 0 2 2 2 0 2 2 1 0 0 27/37 22:57 6:07 2:12
Jussi Jokinen 1 0 1 -1 0 6 5 0 0 0 1/1 17:17 4:11 0:55
Michael Grabner 1 0 1 2 7 4 2 3 0 1 0/0 18:38 6:04 0:43
Paul Ladue 0 0 0 2 0 0 0 1 0 0 0/0 10:49 0:31 1:08
Shane O'Brien 1 0 1 0 0 4 2 3 0 0 0/0 23:29 4:42 1:23
Ted Purcell 0 0 0 0 0 2 1 0 0 0 0/0 10:35 0:00 0:00
Tyson Barrie 0 0 0 2 0 0 0 1 0 0 0/0 9:32 0:31 0:00
3 Stars
1 - Ian White (Dal)
2 - Guillaume Latendresse (Dal)
3 - Alexander Frolov (Dal)
Power Play
Canucks - 1 on 3 Attempt(s) - 33.33%
Stars - 3 on 8 Attempt(s) - 37.50%
Penalty Kill
Canucks - 5 on 8 Attempt(s) - 62.50%
- Score 0 goal in Penalty Kill
Stars - 2 on 3 Attempt(s) - 66.67%
- Score 0 goal in Penalty Kill
Team Stat
Canucks - Hits : 23 - Faceoff Wins : 21 - Blocked Shots : 5 - Penalty Minutes : 21
Stars - Hits : 33 - Faceoff Wins : 41 - Blocked Shots : 10 - Penalty Minutes : 11
Official
Referees : Unknown
Linesman : Unknown
Game Notes
Martin Jones enters game at 10:34 of 1st period
Michael Grabner and Robert Nilsson fight to a draw at 8:18 of 3rd period
Finance
Level 1 -- Attendance: 4703 (78.38%) -- Ticket Income $587,875
Level 2 -- Attendance: 3488 (69.76%) -- Ticket Income $261,600
Level 3 -- Attendance: 1543 (77.15%) -- Ticket Income $77,150
Level 4 -- Attendance: 2477 (61.93%) -- Ticket Income $99,080
Luxury Box -- Attendance: 618 (61.80%) -- Ticket Income $154,500
Game was played at the American Airlines Center.
Total Attendance: 12829 (71.27%)
Total Ticket Income: $1,180,205
Other Income: $177,031
Total Income: $1,357,236
Canucks
5 vs 5 Forward
Center Left Wing Right Wing Time % Phy DF OF
1 Robert Nilsson Loui Eriksson Tyler Toffoli 40 1 2 2
2 Brandon Sutter Jason Zucker Jason Akeson 30 1 2 2
3 James Wright Daniel Sedin Jeremy Morin 20 1 2 2
4 Daultan Leveillé Ryane Clowe Spencer Machacek 10 1 2 2
5 vs 5 Defense
Defense Defense Time % Phy DF OF
1 Jamie McBain Drew Fata 40 1 2 2
2 Steve Eminger Andy Rogers 30 1 2 2
3 Mike Komisarek Jonathan Blum 20 1 2 2
4 Jamie McBain Drew Fata 10 1 2 2
PowerPlay Forward
Center Left Wing Right Wing Time % Phy DF OF
1 Robert Nilsson Loui Eriksson Tyler Toffoli 60 1 2 2
2 Brandon Sutter Jason Zucker Jason Akeson 40 1 2 2
PowerPlay Defense
Defense Defense Time % Phy DF OF
1 Jamie McBain Drew Fata 60 1 2 2
2 Steve Eminger Andy Rogers 40 1 2 2
Penalty Kill 4 Players Forward
Center Wing Time % Phy DF OF
1 Robert Nilsson Tyler Toffoli 60 1 2 2
2 Brandon Sutter Loui Eriksson 40 1 2 2
Penalty Kill 4 Players Defense
Defense Defense Time % Phy DF OF
1 Jamie McBain Drew Fata 60 1 2 2
2 Steve Eminger Andy Rogers 40 1 2 2
Penalty Kill - 3 Players Forward
Forward Time % Phy DF OF
1 Robert Nilsson 60 1 2 2
2 Tyler Toffoli 40 1 2 2
Penalty Kill - 3 Players Defense
Defense Defense Time % Phy DF OF
1 Jamie McBain Drew Fata 60 1 2 2
2 Steve Eminger Andy Rogers 40 1 2 2
4 vs 4 Forward
Center Wing Time % Phy DF OF
1 Robert Nilsson Tyler Toffoli 60 1 2 2
2 Brandon Sutter Loui Eriksson 40 1 2 2
4 vs 4 Defense
Defense Defense Time % Phy DF OF
1 Jamie McBain Drew Fata 60 1 2 2
2 Steve Eminger Andy Rogers 40 1 2 2
Last Minutes Offensive
Center Left Wing Right Wing Defense Defense
Robert Nilsson Loui Eriksson Tyler Toffoli Jamie McBain Drew Fata
Last Minutes Defensive
Center Left Wing Right Wing Defense Defense
Robert Nilsson Loui Eriksson Tyler Toffoli Jamie McBain Drew Fata
Goaltenders
Starting : Jake Paterson
Backup : Martin Jones
Extra Forwards
Normal : Daniel Sedin, Jeremy Morin, James Wright - PP : Daniel Sedin, Jeremy Morin - PK : James Wright
Extra Defensemen
Normal : Mike Komisarek, Jonathan Blum, Steve Eminger - PP : Mike Komisarek - PK : Jonathan Blum, Steve Eminger
Penalty Shots
Robert Nilsson, Tyler Toffoli, Brandon Sutter, Loui Eriksson, Jason Zucker
Scratches
Jacob Markstrom (Healthy)
Stars
5 vs 5 Forward
Center Left Wing Right Wing Time % Phy DF OF
1 John Tavares Guillaume Latendresse Michael Grabner 40 1 2 2
2 Antoine Vermette Jussi Jokinen Alex Chiasson 30 1 2 2
3 Evgeny Grachev Alexander Frolov B.J. Crombeen 20 1 2 2
4 Cory Emmerton Ted Purcell Cam Atkinson 10 1 2 2
5 vs 5 Defense
Defense Defense Time % Phy DF OF
1 Ian White Brian Lee 40 1 2 2
2 Boris Valabik Shane O'Brien 30 1 2 2
3 Tyson Barrie Paul Ladue 20 1 2 2
4 Ian White Brian Lee 10 1 2 2
PowerPlay Forward
Center Left Wing Right Wing Time % Phy DF OF
1 John Tavares Guillaume Latendresse Michael Grabner 60 1 2 2
2 Antoine Vermette Jussi Jokinen Alex Chiasson 40 1 2 2
PowerPlay Defense
Defense Defense Time % Phy DF OF
1 Ian White Brian Lee 60 1 2 2
2 Boris Valabik Shane O'Brien 40 1 2 2
Penalty Kill 4 Players Forward
Center Wing Time % Phy DF OF
1 John Tavares Guillaume Latendresse 60 1 2 2
2 Jussi Jokinen Michael Grabner 40 1 2 2
Penalty Kill 4 Players Defense
Defense Defense Time % Phy DF OF
1 Ian White Brian Lee 60 1 2 2
2 Boris Valabik Shane O'Brien 40 1 2 2
Penalty Kill - 3 Players Forward
Forward Time % Phy DF OF
1 John Tavares 60 1 2 2
2 Guillaume Latendresse 40 1 2 2
Penalty Kill - 3 Players Defense
Defense Defense Time % Phy DF OF
1 Ian White Brian Lee 60 1 2 2
2 Boris Valabik Shane O'Brien 40 1 2 2
4 vs 4 Forward
Center Wing Time % Phy DF OF
1 John Tavares Guillaume Latendresse 60 1 2 2
2 Jussi Jokinen Michael Grabner 40 1 2 2
4 vs 4 Defense
Defense Defense Time % Phy DF OF
1 Ian White Brian Lee 60 1 2 2
2 Boris Valabik Shane O'Brien 40 1 2 2
Last Minutes Offensive
Center Left Wing Right Wing Defense Defense
John Tavares Guillaume Latendresse Michael Grabner Ian White Brian Lee
Last Minutes Defensive
Center Left Wing Right Wing Defense Defense
John Tavares Guillaume Latendresse Michael Grabner Ian White Brian Lee
Goaltenders
Starting : Cory Schneider
Backup : Matt Murray
Extra Forwards
Normal : Evgeny Grachev, Cory Emmerton, Alexander Frolov - PP : Evgeny Grachev, Cory Emmerton - PK : Alexander Frolov
Extra Defensemen
Normal : Tyson Barrie, Paul Ladue, Boris Valabik - PP : Tyson Barrie - PK : Paul Ladue, Boris Valabik
Penalty Shots
John Tavares, Guillaume Latendresse, Jussi Jokinen, Michael Grabner, Antoine Vermette
Scratches
Andrej Sustr (Healthy), Damien Brunner (Healthy)
% Time on Ice - Canucks
Lines # - Real PCT - Wanted PCT - Time Play
Normal Forward
1 - 43% - 40% - 18:38
2 - 26% - 30% - 11:12
3 - 17% - 20% - 7:13
4 - 15% - 10% - 6:30
Normal Defense
1 - 43% - 40% - 18:42
2 - 33% - 30% - 14:21
3 - 23% - 20% - 10:01
4 - 1% - 10% - 0:29
PP Forward
1 - 49% - 60% - 1:32
2 - 51% - 40% - 1:35
PP Defense
1 - 68% - 60% - 2:08
2 - 32% - 40% - 0:59
PK Forward
1 - 73% - 60% - 8:21
2 - 27% - 40% - 3:08
PK Defense
1 - 64% - 60% - 7:18
2 - 36% - 40% - 4:11
PK3 Forward
1 - 0% - 60%
2 - 0% - 40%
PK3 Defense
1 - 0% - 60%
2 - 0% - 40%
44 Forward
1 - 81% - 60% - 1:30
2 - 19% - 40% - 0:21
44 Defense
1 - 69% - 60% - 1:17
2 - 31% - 40% - 0:34
Last Minute Offensive - 0:00
Last Minute Defensive - 0:00
Total
Forward - 60:00
Defense - 60:00
|
% Time on Ice - Stars
Lines # - Real PCT - Wanted PCT - Time Play
Normal Forward
1 - 33% - 40% - 14:10
2 - 27% - 30% - 11:42
3 - 16% - 20% - 7:06
4 - 24% - 10% - 10:35
Normal Defense
1 - 41% - 40% - 17:40
2 - 38% - 30% - 16:30
3 - 20% - 20% - 8:36
4 - 2% - 10% - 0:47
PP Forward
1 - 63% - 60% - 7:15
2 - 37% - 40% - 4:14
PP Defense
1 - 59% - 60% - 6:47
2 - 41% - 40% - 4:42
PK Forward
1 - 77% - 60% - 2:24
2 - 23% - 40% - 0:43
PK Defense
1 - 56% - 60% - 1:44
2 - 44% - 40% - 1:23
PK3 Forward
1 - 0% - 60%
2 - 0% - 40%
PK3 Defense
1 - 0% - 60%
2 - 0% - 40%
44 Forward
1 - 74% - 60% - 1:22
2 - 26% - 40% - 0:29
44 Defense
1 - 51% - 60% - 0:57
2 - 49% - 40% - 0:54
Last Minute Offensive - 0:00
Last Minute Defensive - 0:00
Total
Forward - 60:00
Defense - 60:00
|
Play-by-Play
1st period
0:01 of 1st period - John Tavares wins face-off versus Robert Nilsson in neutral zone.
0:28 of 1st period - Snap shot by Jamie McBain.
0:28 of 1st period - Deflect By Jason Akeson.
0:28 of 1st period - Stopped by Cory Schneider without a rebound.
0:29 of 1st period - Jussi Jokinen wins face-off versus Brandon Sutter in Stars zone.
0:39 of 1st period - Snap shot by Antoine Vermette.
0:39 of 1st period - Stopped by Jake Paterson without a rebound.
0:40 of 1st period - James Wright wins face-off versus Evgeny Grachev in Canucks zone.
0:49 of 1st period - James Wright is hit by B.J. Crombeen and loses puck.
0:56 of 1st period - Wrist shot by Alexander Frolov.
0:56 of 1st period - Goal by Alexander Frolov - Canucks : 0 - Stars : 1.
0:57 of 1st period - Cory Emmerton wins face-off versus Daultan Leveillé in neutral zone.
1:10 of 1st period - Snap shot by Cam Atkinson.
1:10 of 1st period - Stopped by Jake Paterson without a rebound.
1:11 of 1st period - John Tavares wins face-off versus Robert Nilsson in Canucks zone.
1:38 of 1st period - Ian White is hit by Jason Zucker and loses puck.
2:25 of 1st period - Snap shot by Spencer Machacek.
2:25 of 1st period - Stopped by Cory Schneider without a rebound.
2:26 of 1st period - Daultan Leveillé wins face-off versus Cory Emmerton in Stars zone.
2:33 of 1st period - Jamie McBain is hit by Boris Valabik and loses puck.
3:00 of 1st period - Wrist shot by Cory Emmerton.
3:00 of 1st period - Stopped by Jake Paterson without a rebound.
3:01 of 1st period - John Tavares wins face-off versus Robert Nilsson in Canucks zone.
3:02 of 1st period - Wrist shot by Michael Grabner.
3:02 of 1st period - Goal by Michael Grabner - Canucks : 0 - Stars : 2.
3:03 of 1st period - Guillaume Latendresse wins face-off versus Robert Nilsson in neutral zone.
3:14 of 1st period - Backhand shot by Michael Grabner.
3:14 of 1st period - Shot Misses the Net.
3:16 of 1st period - Snap shot by Michael Grabner.
3:16 of 1st period - Stopped by Jake Paterson with a rebound.
3:18 of 1st period - Snap shot by Guillaume Latendresse.
3:18 of 1st period - Stopped by Jake Paterson without a rebound.
3:19 of 1st period - Brandon Sutter wins face-off versus Antoine Vermette in Canucks zone.
3:19 of 1st period - Brandon Sutter is hit by Ian White.
3:24 of 1st period - Minor Penalty to Brian Lee for Kneeing.
3:25 of 1st period - John Tavares wins face-off versus Robert Nilsson in Stars zone.
3:35 of 1st period - Guillaume Latendresse is hit by Jamie McBain and loses puck.
3:40 of 1st period - Snap shot by Tyler Toffoli.
3:40 of 1st period - Shot Blocked by John Tavares.
3:42 of 1st period - Slapshot by Jamie McBain.
3:42 of 1st period - Shot Misses the Net.
3:56 of 1st period - Wrist shot by Jason Akeson.
3:56 of 1st period - Shot Blocked by Paul Ladue.
5:00 of 1st period - Ian White is hit by Jamie McBain and loses puck.
5:24 of 1st period - Penalty to Brian Lee is over, Brian Lee is back on ice.
5:31 of 1st period - Andy Rogers is hit by Jussi Jokinen and loses puck.
5:38 of 1st period - Slapshot by Brian Lee.
5:38 of 1st period - Shot Hit the Post.
5:57 of 1st period - Jonathan Blum is hit by B.J. Crombeen.
6:27 of 1st period - James Wright is hit by Cam Atkinson and loses puck.
6:40 of 1st period - Brandon Sutter is hit by Alexander Frolov and loses puck.
7:36 of 1st period - Robert Nilsson is hit by Shane O'Brien and loses puck.
7:49 of 1st period - Wrist shot by James Wright.
7:49 of 1st period - Shot Blocked by Shane O'Brien.
7:51 of 1st period - Wrist shot by Daniel Sedin.
7:51 of 1st period - Shot Misses the Net.
7:53 of 1st period - Slapshot by James Wright.
7:53 of 1st period - Shot Blocked by Shane O'Brien.
7:55 of 1st period - Wrist shot by Jonathan Blum.
7:55 of 1st period - Stopped by Cory Schneider without a rebound.
7:56 of 1st period - John Tavares wins face-off versus Brandon Sutter in Stars zone.
8:27 of 1st period - James Wright is hit by Cam Atkinson and loses puck.
8:52 of 1st period - Wrist shot by Robert Nilsson.
8:52 of 1st period - Shot Misses the Net.
8:54 of 1st period - Wrist shot by Tyler Toffoli.
8:54 of 1st period - Shot Blocked by Michael Grabner.
8:56 of 1st period - Slapshot by Andy Rogers.
8:56 of 1st period - Stopped by Cory Schneider with a rebound.
9:06 of 1st period - Antoine Vermette is hit by Daultan Leveillé and loses puck.
9:13 of 1st period - Slapshot by Ian White.
9:13 of 1st period - Stopped by Jake Paterson with a rebound.
9:15 of 1st period - Wrist shot by Alex Chiasson.
9:15 of 1st period - Stopped by Jake Paterson with a rebound.
9:41 of 1st period - Minor Penalty to Spencer Machacek for Cross-checking.
9:42 of 1st period - John Tavares wins face-off versus Robert Nilsson in Canucks zone.
9:43 of 1st period - Snap shot by Michael Grabner.
9:43 of 1st period - Shot Misses the Net.
10:06 of 1st period - Icing by Ian White.
10:07 of 1st period - Robert Nilsson wins face-off versus John Tavares in Stars zone.
10:10 of 1st period - Slapshot by Tyler Toffoli.
10:10 of 1st period - Deflect By Robert Nilsson.
10:10 of 1st period - Shot Misses the Net.
10:10 of 1st period - Puck is out of play.
10:11 of 1st period - John Tavares wins face-off versus Robert Nilsson in Stars zone.
10:26 of 1st period - Slapshot by Ian White.
10:26 of 1st period - Goal by Ian White - Canucks : 0 - Stars : 3.
10:27 of 1st period - John Tavares wins face-off versus Robert Nilsson in neutral zone.
10:34 of 1st period - Snap shot by John Tavares.
10:34 of 1st period - Deflect By Guillaume Latendresse.
10:34 of 1st period - Goal by Guillaume Latendresse - Canucks : 0 - Stars : 4.
10:34 of 1st period - Martin Jones enters game.
10:35 of 1st period - Robert Nilsson wins face-off versus John Tavares in neutral zone.
10:40 of 1st period - Slapshot by Robert Nilsson.
10:40 of 1st period - Shot Misses the Net.
10:42 of 1st period - Snap shot by Robert Nilsson.
10:42 of 1st period - Stopped by Cory Schneider with a rebound.
10:58 of 1st period - Minor Penalty to Michael Grabner for Hooking.
10:59 of 1st period - John Tavares wins face-off versus Tyler Toffoli in Stars zone.
11:06 of 1st period - Minor Penalty to Robert Nilsson for Hooking.
11:07 of 1st period - Daniel Sedin wins face-off versus John Tavares in Canucks zone.
11:12 of 1st period - Ian White is hit by Drew Fata.
11:45 of 1st period - Jeremy Morin is hit by Brian Lee and loses puck.
12:48 of 1st period - Wrist shot by Brandon Sutter.
12:48 of 1st period - Shot Misses the Net.
12:58 of 1st period - Penalty to Michael Grabner is over, Michael Grabner is back on ice.
13:04 of 1st period - Slapshot by Shane O'Brien.
13:04 of 1st period - Goal by Shane O'Brien - Canucks : 0 - Stars : 5.
13:05 of 1st period - John Tavares wins face-off versus Jason Akeson in neutral zone.
13:31 of 1st period - Andy Rogers is hit by Alex Chiasson.
13:39 of 1st period - Wrist shot by Robert Nilsson.
13:39 of 1st period - Stopped by Cory Schneider without a rebound.
13:40 of 1st period - Antoine Vermette wins face-off versus Brandon Sutter in Stars zone.
13:44 of 1st period - Boris Valabik is hit by Brandon Sutter and loses puck.
13:47 of 1st period - Snap shot by Jussi Jokinen.
13:47 of 1st period - Shot Blocked by Jamie McBain.
13:49 of 1st period - Slapshot by Shane O'Brien.
13:49 of 1st period - Stopped by Martin Jones with a rebound.
13:51 of 1st period - Backhand shot by Shane O'Brien.
13:51 of 1st period - Stopped by Martin Jones with a rebound.
13:53 of 1st period - Slapshot by Boris Valabik.
13:53 of 1st period - Deflect By Jussi Jokinen.
13:53 of 1st period - Stopped by Martin Jones with a rebound.
13:55 of 1st period - Slapshot by Boris Valabik.
13:55 of 1st period - Stopped by Martin Jones with a rebound.
13:57 of 1st period - Slapshot by Boris Valabik.
13:57 of 1st period - Shot Misses the Net.
14:13 of 1st period - Guillaume Latendresse is hit by Drew Fata and loses puck.
14:30 of 1st period - Wrist shot by James Wright.
14:30 of 1st period - Stopped by Cory Schneider without a rebound.
14:31 of 1st period - Evgeny Grachev wins face-off versus James Wright in Stars zone.
14:36 of 1st period - Slapshot by Ian White.
14:36 of 1st period - Shot Misses the Net.
14:38 of 1st period - Slapshot by Alexander Frolov.
14:38 of 1st period - Shot Blocked by James Wright.
14:40 of 1st period - Wrist shot by B.J. Crombeen.
14:40 of 1st period - Stopped by Martin Jones with a rebound.
14:42 of 1st period - Snap shot by Evgeny Grachev.
14:42 of 1st period - Stopped by Martin Jones without a rebound.
14:43 of 1st period - John Tavares wins face-off versus Robert Nilsson in Canucks zone.
14:46 of 1st period - Wrist shot by John Tavares.
14:46 of 1st period - Shot Misses the Net.
14:48 of 1st period - Snap shot by Guillaume Latendresse.
14:48 of 1st period - Shot Misses the Net.
14:50 of 1st period - Slapshot by Brian Lee.
14:50 of 1st period - Shot Misses the Net.
15:10 of 1st period - Ian White is hit by Drew Fata and loses puck.
15:14 of 1st period - Icing by Brian Lee.
15:15 of 1st period - Brandon Sutter wins face-off versus Antoine Vermette in Stars zone.
15:58 of 1st period - Jason Akeson is hit by Jussi Jokinen and loses puck.
16:09 of 1st period - Snap shot by Jussi Jokinen.
16:09 of 1st period - Stopped by Martin Jones with a rebound.
16:41 of 1st period - Slapshot by Jason Akeson.
16:41 of 1st period - Stopped by Cory Schneider with a rebound.
16:43 of 1st period - Snap shot by Jason Zucker.
16:43 of 1st period - Stopped by Cory Schneider without a rebound.
16:44 of 1st period - John Tavares wins face-off versus Robert Nilsson in Stars zone.
17:23 of 1st period - Snap shot by Alexander Frolov.
17:23 of 1st period - Stopped by Martin Jones without a rebound.
17:24 of 1st period - John Tavares wins face-off versus Robert Nilsson in Canucks zone.
17:37 of 1st period - Backhand shot by Tyler Toffoli.
17:37 of 1st period - Shot Misses the Net.
17:39 of 1st period - Slapshot by Robert Nilsson.
17:39 of 1st period - Shot Misses the Net.
17:41 of 1st period - Slapshot by Mike Komisarek.
17:41 of 1st period - Deflect By Tyler Toffoli.
17:41 of 1st period - Shot Blocked by Tyson Barrie.
17:41 of 1st period - Puck is out of play.
17:42 of 1st period - Evgeny Grachev wins face-off versus James Wright in Stars zone.
18:46 of 1st period - Icing by Spencer Machacek.
18:47 of 1st period - Antoine Vermette wins face-off versus Brandon Sutter in Canucks zone.
18:54 of 1st period - Slapshot by Alex Chiasson.
18:54 of 1st period - Stopped by Martin Jones without a rebound.
18:55 of 1st period - John Tavares wins face-off versus Robert Nilsson in Canucks zone.
19:02 of 1st period - Slapshot by Michael Grabner.
19:02 of 1st period - Deflect By Guillaume Latendresse.
19:02 of 1st period - Shot Misses the Net.
19:02 of 1st period - Puck is out of play.
19:03 of 1st period - John Tavares wins face-off versus Robert Nilsson in Canucks zone.
19:14 of 1st period - Snap shot by Guillaume Latendresse.
19:14 of 1st period - Shot Blocked by Drew Fata.
19:56 of 1st period - Wrist shot by Guillaume Latendresse.
19:56 of 1st period - Deflect By John Tavares.
19:56 of 1st period - Stopped by Martin Jones without a rebound.
19:57 of 1st period - Antoine Vermette wins face-off versus Brandon Sutter in Canucks zone.
Goals for this period are 0 for Canucks vs 5 for Stars.
Shots for this period are 9 for Canucks vs 22 for Stars.
2nd period
0:01 of 2nd period - John Tavares wins face-off versus Robert Nilsson in neutral zone.
0:12 of 2nd period - Wrist shot by Michael Grabner.
0:12 of 2nd period - Shot Misses the Net.
0:19 of 2nd period - Minor Penalty to Loui Eriksson for Slashing.
0:20 of 2nd period - John Tavares wins face-off versus Robert Nilsson in Canucks zone.
0:46 of 2nd period - Tyler Toffoli is hit by John Tavares and loses puck.
1:09 of 2nd period - Wrist shot by Tyler Toffoli.
1:09 of 2nd period - Shot Blocked by Michael Grabner.
1:35 of 2nd period - Wrist shot by John Tavares.
1:35 of 2nd period - Shot Misses the Net.
1:37 of 2nd period - Snap shot by Ian White.
1:37 of 2nd period - Deflect By Drew Fata.
1:37 of 2nd period - Stopped by Martin Jones without a rebound.
1:38 of 2nd period - Brandon Sutter wins face-off versus Alex Chiasson in Canucks zone.
2:14 of 2nd period - Slapshot by Boris Valabik.
2:14 of 2nd period - Deflect By Alex Chiasson.
2:14 of 2nd period - Stopped by Martin Jones without a rebound.
2:15 of 2nd period - Brandon Sutter wins face-off versus Antoine Vermette in Canucks zone.
2:15 of 2nd period - Brandon Sutter is hit by Ian White.
2:19 of 2nd period - Penalty to Loui Eriksson is over, Loui Eriksson is back on ice.
2:26 of 2nd period - Off-side.
2:27 of 2nd period - Evgeny Grachev wins face-off versus Daultan Leveillé in neutral zone.
2:52 of 2nd period - Jonathan Blum is hit by Boris Valabik and loses puck.
3:01 of 2nd period - Slapshot by Jamie McBain.
3:01 of 2nd period - Stopped by Cory Schneider without a rebound.
3:02 of 2nd period - Robert Nilsson wins face-off versus John Tavares in Stars zone.
3:05 of 2nd period - Slapshot by Jamie McBain.
3:05 of 2nd period - Shot Blocked by Michael Grabner.
3:28 of 2nd period - Jason Zucker is hit by Jussi Jokinen and loses puck.
3:39 of 2nd period - Wrist shot by Jussi Jokinen.
3:39 of 2nd period - Stopped by Martin Jones with a rebound.
4:33 of 2nd period - Jonathan Blum is hit by John Tavares.
4:59 of 2nd period - Wrist shot by James Wright.
4:59 of 2nd period - Shot Misses the Net.
5:24 of 2nd period - Brandon Sutter is hit by Jussi Jokinen.
5:36 of 2nd period - Andy Rogers is hit by Brian Lee and loses puck.
5:43 of 2nd period - Snap shot by Evgeny Grachev.
5:43 of 2nd period - Stopped by Martin Jones with a rebound.
5:51 of 2nd period - Minor Penalty to Alexander Frolov for Roughing.
5:52 of 2nd period - John Tavares wins face-off versus Loui Eriksson in Stars zone.
6:18 of 2nd period - Guillaume Latendresse is hit by Brandon Sutter and loses puck.
6:24 of 2nd period - Off-side.
6:25 of 2nd period - John Tavares wins face-off versus Brandon Sutter in neutral zone.
6:43 of 2nd period - Snap shot by Brandon Sutter.
6:43 of 2nd period - Shot Misses the Net.
6:45 of 2nd period - Slapshot by Andy Rogers.
6:45 of 2nd period - Shot Misses the Net.
6:47 of 2nd period - Snap shot by Jason Akeson.
6:47 of 2nd period - Stopped by Cory Schneider with a rebound.
6:49 of 2nd period - Snap shot by Brandon Sutter.
6:49 of 2nd period - Stopped by Cory Schneider with a rebound.
6:51 of 2nd period - Snap shot by Jason Zucker.
6:51 of 2nd period - Goal by Jason Zucker - Canucks : 1 - Stars : 5.
6:52 of 2nd period - Antoine Vermette wins face-off versus Tyler Toffoli in neutral zone.
7:45 of 2nd period - Tyson Barrie is hit by James Wright and loses puck.
8:12 of 2nd period - Slapshot by Cory Emmerton.
8:12 of 2nd period - Stopped by Martin Jones with a rebound.
8:14 of 2nd period - Wrist shot by Cam Atkinson.
8:14 of 2nd period - Stopped by Martin Jones with a rebound.
8:21 of 2nd period - Icing by Andy Rogers.
8:22 of 2nd period - Antoine Vermette wins face-off versus Robert Nilsson in Canucks zone.
8:50 of 2nd period - Off-side.
8:51 of 2nd period - Brandon Sutter wins face-off versus Antoine Vermette in neutral zone.
9:28 of 2nd period - Snap shot by Alex Chiasson.
9:28 of 2nd period - Shot Misses the Net.
9:38 of 2nd period - Jonathan Blum is hit by Jussi Jokinen and loses puck.
10:13 of 2nd period - Snap shot by Alex Chiasson.
10:13 of 2nd period - Stopped by Martin Jones with a rebound.
10:15 of 2nd period - Wrist shot by Jussi Jokinen.
10:15 of 2nd period - Shot Misses the Net.
10:17 of 2nd period - Slapshot by Brian Lee.
10:17 of 2nd period - Deflect By Jussi Jokinen.
10:17 of 2nd period - Stopped by Martin Jones with a rebound.
10:19 of 2nd period - Slapshot by Brian Lee.
10:19 of 2nd period - Deflect By Alex Chiasson.
10:19 of 2nd period - Stopped by Martin Jones with a rebound.
10:21 of 2nd period - Slapshot by Brian Lee.
10:21 of 2nd period - Stopped by Martin Jones with a rebound.
10:23 of 2nd period - Slapshot by Ian White.
10:23 of 2nd period - Deflect By Alex Chiasson.
10:23 of 2nd period - Shot Misses the Net.
10:23 of 2nd period - Puck is out of play.
10:24 of 2nd period - Robert Nilsson wins face-off versus John Tavares in Canucks zone.
10:24 of 2nd period - Robert Nilsson is hit by Boris Valabik.
10:38 of 2nd period - Snap shot by Tyler Toffoli.
10:38 of 2nd period - Deflect By Robert Nilsson.
10:38 of 2nd period - Shot Misses the Net.
10:38 of 2nd period - Puck is out of play.
10:39 of 2nd period - John Tavares wins face-off versus Brandon Sutter in Stars zone.
10:39 of 2nd period - John Tavares is hit by Jamie McBain.
10:46 of 2nd period - Double Minor Penalty to Jason Akeson for High sticking.
10:47 of 2nd period - John Tavares wins face-off versus Robert Nilsson in Canucks zone.
11:17 of 2nd period - Drew Fata is hit by Guillaume Latendresse and loses puck.
13:45 of 2nd period - Ian White is hit by Jason Zucker and loses puck.
13:52 of 2nd period - Cory Emmerton is hit by Andy Rogers.
14:46 of 2nd period - Penalty to Jason Akeson is over, Jason Akeson is back on ice.
14:54 of 2nd period - Steve Eminger is hit by Shane O'Brien and loses puck.
15:30 of 2nd period - Tyson Barrie is hit by Daultan Leveillé and loses puck.
16:27 of 2nd period - Icing by Shane O'Brien.
16:28 of 2nd period - Antoine Vermette wins face-off versus James Wright in Stars zone.
16:28 of 2nd period - Antoine Vermette is hit by Daniel Sedin.
16:34 of 2nd period - Daniel Sedin is hit by Michael Grabner and loses puck.
16:57 of 2nd period - Wrist shot by Ted Purcell.
16:57 of 2nd period - Stopped by Martin Jones with a rebound.
17:13 of 2nd period - Snap shot by Alexander Frolov.
17:13 of 2nd period - Stopped by Martin Jones with a rebound.
17:15 of 2nd period - Slapshot by Alexander Frolov.
17:15 of 2nd period - Goal by Alexander Frolov - Canucks : 1 - Stars : 6.
17:16 of 2nd period - John Tavares wins face-off versus Robert Nilsson in neutral zone.
17:18 of 2nd period - Ian White is hit by Drew Fata and loses puck.
18:40 of 2nd period - Cory Emmerton is hit by Ryane Clowe and loses puck.
18:53 of 2nd period - Snap shot by John Tavares.
18:53 of 2nd period - Stopped by Martin Jones without a rebound.
18:54 of 2nd period - John Tavares wins face-off versus Robert Nilsson in Canucks zone.
19:07 of 2nd period - Snap shot by John Tavares.
19:07 of 2nd period - Deflect By Michael Grabner.
19:07 of 2nd period - Stopped by Martin Jones with a rebound.
19:09 of 2nd period - Snap shot by Ian White.
19:09 of 2nd period - Deflect By Michael Grabner.
19:09 of 2nd period - Stopped by Martin Jones without a rebound.
19:10 of 2nd period - Brandon Sutter wins face-off versus Antoine Vermette in Canucks zone.
19:15 of 2nd period - Wrist shot by Jason Zucker.
19:15 of 2nd period - Shot Misses the Net.
19:23 of 2nd period - Wrist shot by Jason Zucker.
19:23 of 2nd period - Goal by Jason Zucker - Canucks : 2 - Stars : 6.
19:24 of 2nd period - Robert Nilsson wins face-off versus John Tavares in neutral zone.
19:51 of 2nd period - Jussi Jokinen is hit by Jason Akeson.
Goals for this period are 2 for Canucks vs 1 for Stars.
Shots for this period are 5 for Canucks vs 16 for Stars.
3rd period
0:01 of 3rd period - Robert Nilsson wins face-off versus Guillaume Latendresse in neutral zone.
0:36 of 3rd period - Slapshot by Jason Zucker.
0:36 of 3rd period - Stopped by Cory Schneider without a rebound.
0:37 of 3rd period - John Tavares wins face-off versus Robert Nilsson in Stars zone.
1:40 of 3rd period - Minor Penalty to James Wright for Interference.
1:41 of 3rd period - John Tavares wins face-off versus Robert Nilsson in Canucks zone.
3:04 of 3rd period - John Tavares is hit by Jamie McBain and loses puck.
3:40 of 3rd period - Penalty to James Wright is over, James Wright is back on ice.
3:52 of 3rd period - Minor Penalty to Daultan Leveillé for High sticking.
3:53 of 3rd period - Robert Nilsson wins face-off versus Antoine Vermette in Canucks zone.
4:29 of 3rd period - Andy Rogers is hit by Guillaume Latendresse and loses puck.
5:34 of 3rd period - Andy Rogers is hit by Ian White and loses puck.
5:52 of 3rd period - Penalty to Daultan Leveillé is over, Daultan Leveillé is back on ice.
6:12 of 3rd period - Snap shot by Tyler Toffoli.
6:12 of 3rd period - Stopped by Cory Schneider without a rebound.
6:13 of 3rd period - Cory Emmerton wins face-off versus Brandon Sutter in Stars zone.
6:44 of 3rd period - Paul Ladue is hit by James Wright and loses puck.
6:59 of 3rd period - Wrist shot by Spencer Machacek.
6:59 of 3rd period - Shot Misses the Net.
7:01 of 3rd period - Wrist shot by Spencer Machacek.
7:01 of 3rd period - Stopped by Cory Schneider with a rebound.
7:26 of 3rd period - Minor Penalty to Jason Akeson for Holding.
7:27 of 3rd period - Robert Nilsson wins face-off versus John Tavares in Canucks zone.
7:27 of 3rd period - Robert Nilsson is hit by Ian White.
7:46 of 3rd period - Drew Fata is hit by Michael Grabner and loses puck.
8:05 of 3rd period - Wrist shot by Alex Chiasson.
8:05 of 3rd period - Shot Misses the Net.
8:07 of 3rd period - Slapshot by Jussi Jokinen.
8:07 of 3rd period - Goal by Jussi Jokinen - Canucks : 2 - Stars : 7.
8:08 of 3rd period - Robert Nilsson wins face-off versus John Tavares in neutral zone.
8:18 of 3rd period - Michael Grabner and Robert Nilsson fight to a draw.
8:18 of 3rd period - Penalty to Michael Grabner for Fighting.
8:18 of 3rd period - Penalty to Robert Nilsson for Fighting.
8:19 of 3rd period - John Tavares wins face-off versus Daniel Sedin in neutral zone.
8:31 of 3rd period - Wrist shot by Loui Eriksson.
8:31 of 3rd period - Shot Misses the Net.
8:33 of 3rd period - Snap shot by Tyler Toffoli.
8:33 of 3rd period - Shot Misses the Net.
8:35 of 3rd period - Slapshot by Drew Fata.
8:35 of 3rd period - Stopped by Cory Schneider with a rebound.
8:53 of 3rd period - Slapshot by Jussi Jokinen.
8:53 of 3rd period - Stopped by Martin Jones without a rebound.
8:54 of 3rd period - Daniel Sedin wins face-off versus Evgeny Grachev in Canucks zone.
9:19 of 3rd period - Andy Rogers is hit by Cory Emmerton and loses puck.
9:24 of 3rd period - Wrist shot by Cam Atkinson.
9:24 of 3rd period - Shot Misses the Net.
9:59 of 3rd period - John Tavares is hit by Loui Eriksson and loses puck.
10:08 of 3rd period - Daniel Sedin is hit by Evgeny Grachev and loses puck.
10:30 of 3rd period - Snap shot by Jason Zucker.
10:30 of 3rd period - Stopped by Cory Schneider with a rebound.
10:32 of 3rd period - Slapshot by Andy Rogers.
10:32 of 3rd period - Deflect By Shane O'Brien.
10:32 of 3rd period - Stopped by Cory Schneider without a rebound.
10:33 of 3rd period - Cory Emmerton wins face-off versus Daultan Leveillé in Stars zone.
10:48 of 3rd period - Slapshot by Ian White.
10:48 of 3rd period - Deflect By Ted Purcell.
10:48 of 3rd period - Stopped by Martin Jones with a rebound.
11:25 of 3rd period - Slapshot by Jamie McBain.
11:25 of 3rd period - Stopped by Cory Schneider without a rebound.
11:26 of 3rd period - Jeremy Morin wins face-off versus John Tavares in Stars zone.
11:27 of 3rd period - Wrist shot by James Wright.
11:27 of 3rd period - Stopped by Cory Schneider with a rebound.
11:29 of 3rd period - Slapshot by Jonathan Blum.
11:29 of 3rd period - Stopped by Cory Schneider with a rebound.
11:31 of 3rd period - Slapshot by Mike Komisarek.
11:31 of 3rd period - Shot Blocked by Boris Valabik.
11:33 of 3rd period - Wrist shot by Jeremy Morin.
11:33 of 3rd period - Stopped by Cory Schneider with a rebound.
13:15 of 3rd period - Slapshot by Jason Zucker.
13:15 of 3rd period - Stopped by Cory Schneider without a rebound.
13:16 of 3rd period - Daniel Sedin wins face-off versus John Tavares in Stars zone.
15:03 of 3rd period - Jamie McBain is hit by Antoine Vermette and loses puck.
15:29 of 3rd period - Mike Komisarek is hit by Brian Lee and loses puck.
15:57 of 3rd period - Jamie McBain is hit by Ted Purcell and loses puck.
16:08 of 3rd period - Cam Atkinson is hit by Drew Fata and loses puck.
17:52 of 3rd period - Snap shot by Cam Atkinson.
17:52 of 3rd period - Shot Misses the Net.
18:24 of 3rd period - Snap shot by Cory Emmerton.
18:24 of 3rd period - Stopped by Martin Jones with a rebound.
18:28 of 3rd period - Wrist shot by Cory Emmerton.
18:28 of 3rd period - Shot Misses the Net.
18:30 of 3rd period - Wrist shot by Cory Emmerton.
18:30 of 3rd period - Shot Misses the Net.
18:32 of 3rd period - Slapshot by Boris Valabik.
18:32 of 3rd period - Shot Blocked by Drew Fata.
18:46 of 3rd period - Shane O'Brien is hit by Jamie McBain and loses puck.
19:03 of 3rd period - Snap shot by Cory Emmerton.
19:03 of 3rd period - Shot Blocked by Tyler Toffoli.
19:33 of 3rd period - Snap shot by Tyler Toffoli.
19:33 of 3rd period - Shot Blocked by Shane O'Brien.
19:51 of 3rd period - Slapshot by Cam Atkinson.
19:51 of 3rd period - Stopped by Martin Jones with a rebound.
19:53 of 3rd period - Slapshot by Shane O'Brien.
19:53 of 3rd period - Stopped by Martin Jones with a rebound.
19:55 of 3rd period - Wrist shot by Cory Emmerton.
19:55 of 3rd period - Stopped by Martin Jones without a rebound.
19:56 of 3rd period - John Tavares wins face-off versus Brandon Sutter in Canucks zone.
Goals for this period are 0 for Canucks vs 1 for Stars.
Shots for this period are 11 for Canucks vs 7 for Stars.